 Dungeon Crawl Stone Soup version 0.28-a0-1159-g27aa881441 (webtiles) character file.

Game seed: 8977788108778167251

3649 Fortus the Thaumaturge (level 10, -5/76 HPs)
             Began as a Djinni Fire Elementalist on Dec 15, 2021.
             Was a Believer of Qazlal.
             Slain by Harold (14 damage)
             ... on level 8 of the Dungeon.
             The game lasted 00:27:35 (12710 turns).

Fortus the Thaumaturge (Djinni Fire Elementalist)  Turns: 12710, Time: 00:27:37

Health: -5/76      AC: 10    Str:  7    XL:     10   Next: 33%
Gold:   515        EV:  6    Int: 22    God:    Qazlal [**....] SH:  0 Dex: 17

rFire   + + +      SeeInvis +   A - +7 hand axe of Action {spect, rC+ rN+ Dex+4}
rCold   . . .      Faith    .   (no shield)
rNeg    + . .      Spirit   .   z - +2 robe {rF+}
rPois   ∞          Reflect  .   (no helmet)
rElec   .          Harm     .   w - +0 cloak
rCorr   .          Rampage  .   y - +0 pair of gloves
Will    ++...                   (boots unavailable)
Stlth   ++........              (no amulet)
HPRegen 0.22/turn               t - ring "Wet Laz" {Will+ SInv}
MPRegen 0.00/turn               D - +4 ring of protection

@: flying, held
A: sickness immunity, fire resistance 2, cold vulnerability 1, float, innate
caster, hp casting, extra vitality 1
a: Renounce Religion, Upheaval


You were on level 8 of the Dungeon.
You worshipped Qazlal.
Qazlal was pleased with you.
You visited 1 branch of the dungeon, and saw 8 of its levels.

You collected 515 gold pieces.

Inventory:

Hand Weapons
 v - a +4 club
 x - a +0 mace
 A - the +7 hand axe of Action (weapon) {spect, rC+ rN+ Dex+4}
   (You took it off a gnoll on level 6 of the Dungeon)

   When its wielder attacks, the weapon's spirit leaps out and strikes again.
   The spirit shares a part of any damage it takes with its wielder.
   Dex:       It affects your dexterity (+4).
   rC:        It protects you from cold.
   rN:        It protects you from negative energy.
Armour
 a - a +0 robe
 w - a +0 cloak (worn)
 y - a +0 pair of gloves (worn)
 z - a +2 robe of fire resistance (worn)
Jewellery
 c - a +6 ring of strength
 h - a ring of positive energy
 k - a +6 ring of strength
 t - the ring "Wet Laz" (left hand) {Will+ SInv}
   (You took it off an orc warrior on level 6 of the Dungeon)

   [ring of willpower]

   SInv:      It lets you see invisible.
   Will:      It increases your willpower.
 D - a +4 ring of protection (right hand)
Wands
 n - a wand of digging (3)
 r - a wand of iceblast (5)
Scrolls
 f - 3 scrolls of blinking {unknown}
 g - 2 scrolls of fog {unknown}
 j - 6 scrolls of identify {unknown}
 l - 2 scrolls of enchant armour {unknown}
 o - a scroll of fear {unknown}
 p - 3 scrolls of amnesia {unknown}
 q - a scroll of noise {unknown}
 s - a scroll of magic mapping {unknown}
 u - a scroll of teleportation {unknown}
 B - a scroll of brand weapon {unknown}
Potions
 b - 2 potions of heal wounds
 d - 3 potions of curing {unknown}
 e - a potion of flight {unknown}
 i - a potion of cancellation {unknown}
 m - 2 potions of attraction {unknown}
 C - a potion of berserk rage {unknown}


   Skills:
 - Level 8.0 Fighting
 - Level 2.1 Dodging
 - Level 1.5 Stealth
 * Level 8.7 Spellcasting
 + Level 4.3 Invocations


You had 4 spell levels left.
You knew the following spells:

 Your Spells              Type           Power      Damage    Failure   Level
a - Foxfire               Conj/Fire      100%       2x1d9     1%          1
b - Scorch                Fire           96%        2d9       1%          2
c - Conjure Flame         Conj/Fire      48%        6-21      1%          3
d - Inner Flame           Hex/Fire       48%        N/A       1%          3
e - Flame Wave            Conj/Fire      48%        2d8       1%          4
f - Magic Dart            Conj           100%       1d8       1%          1
g - Searing Ray           Conj           96%        2d7       1%          2
h - Teleport Other        Tloc           48%        N/A       1%          3
i - Ignite Poison         Fire/Tmut/Pois 48%        N/A       1%          3
Your spell library was empty.

Dungeon Overview and Level Annotations

Branches:
Dungeon (8/15)             Temple (0/1) D:4
   Lair: D:8-11

Altars:
Ashenzari
Dithmenos
Elyvilon
Fedhas
Kikubaaqudgha
Makhleb
Okawaru
Qazlal
Sif Muna
Uskayaw
Vehumet
Xom

Shops:
D:1 [

Annotations:
D:8 Harold


Innate Abilities, Weirdness & Mutations

You are immune to sickness and miasma.
You are immune to poison.
Your flesh is very heat resistant. (rF++)
You are vulnerable to cold. (rC-)
You float through the air rather than walking.
You learn spells naturally, not from books.
Your magical power is your life essence.
You have superior vitality. (+4 HP)


Message History

Harold is moderately wounded.
The foxfire hits Harold but does no damage.
Harold is moderately wounded.
Casting: Conjure Flame (safe; 1% risk of failure)
Confirm with . or Enter, or press ? or * to list all spells.
Casting: Flame Wave (dangerous; 1% risk of failure)
Press: ? - help, Dir - look around, f - activate A wave of flame ripples out!
The flame wave engulfs Harold!
Harold is heavily wounded. (Press . to intensify the flame waves.)
You hear an angry hiss.
Harold hits you with a +0 flail. Harold hits you but does no damage.
You smother the flame.
A wave of flame ripples out!
The flame wave engulfs Harold but does no damage.
Harold is heavily wounded.
Harold hits you with a +0 flail.
A wave of flame ripples out!
The flame wave engulfs Harold!
Harold is heavily wounded.
You finish channelling waves of flame.
Harold hits you with a +0 flail!
A steam dragon comes into view.
Harold hits you with a +0 flail!
Casting: Flame Wave (dangerous; 1% risk of failure)
Confirm with . or Enter, or press ? or * to list all spells.
The fire begins to smoulder!
Harold hits you with a +0 flail.
Casting: Conjure Flame (safe; 1% risk of failure)
Confirm with . or Enter, or press ? or * to list all spells.
Casting: Flame Wave (dangerous; 1% risk of failure)
Press: ? - help, Dir - look around, f - activate A wave of flame ripples out!
The flame wave engulfs Harold!
Harold is severely wounded.
You hear a sizzling sound! (Press . to intensify the flame waves.) Harold hits you with a +0 flail!
* * * LOW HITPOINT WARNING * * *
The steam dragon breathes steam at you. The ball of steam hits you. You resist.
* * * LOW HITPOINT WARNING * * *
Harold hits you with a +0 flail!
You die...

..... ....#
.....# .....#
##+#.....#
#......#
#......#
#.@@...+
#######..§§..##
#.......)..§....
#...........§§..
#.<.).........D.
#...............
#...............
#...............
#....#####....#


You could see Harold (fast).

Vanquished Creatures
  Pikel (D:7)
  Sigmund (D:6)
  Eustachio (D:6)
  A water moccasin (D:7)
  2 orc warriors (D:6)
  2 ice beasts (D:5)
  A necrophage (D:4)
  3 ogres
  3 centaurs
  2 lemures (D:7)
  A kobold brigand (D:6)
  3 scorpions
  A water moccasin zombie (D:5)
  A wyvern zombie (D:7)
  A wyvern skeleton (D:7)
  5 wights
  A howler monkey (D:4)
  A bullfrog zombie (D:6)
  A jelly (D:5)
  A gnoll shaman (D:6)
  3 bullfrog skeletons
  5 orc priests
  A centaur skeleton (D:7)
  10 hounds
  Crazy Yiuf (D:2)
  Jessica (D:2)
  Natasha (thrice) (D:3)
  An iguana (D:6)
  4 orc wizards
  A hound skeleton (D:4)
  9 gnolls (D:6)
  8 adders
  A howler monkey skeleton (D:4)
  A shadow imp (D:7)
  2 white imps
  An ufetubus (D:5)
  A worm (D:3)
  3 dart slugs
  18 orcs
  4 ball pythons
  5 bats
  7 endoplasms
  2 giant cockroaches
  7 goblins
  15 hobgoblins
  3 jackals (D:3)
  7 quokkas
  4 frilled lizards (D:1)
  14 kobolds
  3 rats
  A butterfly (D:4)
179 creatures vanquished.

Vanquished Creatures (collateral kills)
  7 foxfires (D:6)
7 creatures vanquished.

Vanquished Creatures (others)
  745 foxfires
  36 plants (D:6)
781 creatures vanquished.

Grand Total: 967 creatures vanquished

Notes
Turn   | Place    | Note
-------+----------+-------------------------------------------
     0 | D:1      | Fortus the Djinni Fire Elementalist began the quest for the
                  | Orb.
     0 | D:1      | Reached XP level 1. HP: 15/15 MP: 0/0
   348 | D:1      | Reached XP level 2. HP: 18/21 MP: 0/0
   528 | D:1      | Found Saonnous's Antique Armour Emporium.
   940 | D:1      | Reached XP level 3. HP: 21/25 MP: 0/0
   940 | D:1      | Learned a level 1 spell: Magic Dart
  1599 | D:2      | Noticed Jessica
  1603 | D:2      | Killed Jessica
  1604 | D:2      | Reached XP level 4. HP: 28/31 MP: 0/0
  2609 | D:2      | Noticed a great orb of eyes
  2693 | D:2      | Noticed a great orb of eyes
  2694 | D:2      | Found a faded altar of an unknown god.
  2697 | D:2      | Noticed a shining eye
  2697 | D:2      | Noticed a great orb of eyes
  2955 | D:2      | Found a runed translucent door.
  2956 | D:2      | Noticed Crazy Yiuf
  2963 | D:2      | Killed Crazy Yiuf
  2964 | D:2      | Reached XP level 5. HP: 9/35 MP: 0/0
  2964 | D:2      | Learned a level 2 spell: Searing Ray
  3445 | D:3      | Noticed an ogre
  3451 | D:3      | Killed an ogre
  3452 | D:3      | Reached XP level 6. HP: 34/40 MP: 0/0
  3555 | D:3      | Reached skill level 5 in Spellcasting
  3924 | D:3      | Noticed Natasha
  3928 | D:3      | Killed Natasha
  4099 | D:3      | Noticed Natasha
  4102 | D:3      | Killed Natasha
  4299 | D:3      | Noticed Natasha
  4303 | D:3      | Killed Natasha
  4390 | D:4      | Noticed an ogre
  4727 | D:4      | Found a staircase to the Ecumenical Temple.
  4782 | D:4      | Reached skill level 1 in Fighting
  4782 | D:4      | Reached XP level 7. HP: 41/47 MP: 0/0
  4782 | D:4      | Learned a level 3 spell: Teleport Other
  4901 | D:4      | Found a hide-covered altar of Uskayaw.
  4901 | D:4      | Found a burning altar of Makhleb.
  4903 | D:4      | Found a blossoming altar of Fedhas.
  4930 | D:4      | Found an iron altar of Okawaru.
  4932 | D:4      | Found a white marble altar of Elyvilon.
  4933 | D:4      | Found a shadowy altar of Dithmenos.
  4935 | D:4      | Found a stormy altar of Qazlal.
  4940 | D:4      | Found a broken altar of Ashenzari.
  5000 | D:4      | Became a worshipper of Qazlal Stormbringer
  5625 | D:4      | Reached XP level 8. HP: 50/58 MP: 0/0
  6037 | D:5      | Entered Level 5 of the Dungeon
  6407 | D:5      | Reached skill level 5 in Fighting
  6644 | D:5      | Reached * piety under Qazlal
  7439 | D:6      | Noticed Sigmund
  7449 | D:6      | Killed Sigmund
  7450 | D:6      | Reached XP level 9. HP: 41/67 MP: 0/0
  7450 | D:6      | Learned a level 3 spell: Ignite Poison
  7825 | D:6      | Identified the +7 hand axe of Action {spect, rC+ rN+ Dex+4}
  8366 | D:6      | Reached ** piety under Qazlal
  8465 | D:6      | Identified the ring "Wet Laz" {Will+ SInv}
  8693 | D:6      | Noticed Eustachio
  8705 | D:6      | Killed Eustachio
  8706 | D:6      | Reached skill level 1 in Invocations
  9286 | D:6      | Found a shimmering altar of Xom.
 10820 | D:7      | Reached XP level 10. HP: 53/76 MP: 0/0
 11489 | D:7      | Noticed Pikel
 11503 | D:7      | Killed Pikel
 12697 | D:8      | Noticed Harold
 12710 | D:8      | Slain by Harold

Illustrated notes

Levels and vault maps discovered:
D:1:      dpeg_arrival_tiny_a, layout_basic, serial_shops,
          nicolae_shop_temple_entry_statues_fountains, kennysheep_another_room,
          minmay_indecisive_spiral
D:2:      layout_basic, hellmonk_ecumenical_altar_watching_god,
          uniq_crazy_yiuf_cottage, uniq_jessica
D:3:      layout_rooms, uniq_natasha
D:4:      layout_gridville, nicolae_overflow_hallway_of_the_gods,
          minmay_temple_entry_butterflies
D:5:      layout_basic
D:6:      kennysheep_housing_project, layout_loops_ring,
          mainiacjoe_overflow_24_doors, mainiacjoe_overflow_alcove_2,
          grunt_ministairs_12, uniq_eustachio, uniq_sigmund
D:7:      layout_basic, lemuel_tele_altar, serial_bayou_pond_d, uniq_pikel
D:8:      layout_gridville, lemuel_coloured_pillars_altar, trog_antimagical,
          uniq_harold

Skill      XL: |  1  2  3  4  5  6  7  8  9 10 |
---------------+-------------------------------+-----
Spellcasting   | 3 4 5 6 7 8 |  8.7
Fighting       | 1 3 6 8 |  8.0
Invocations    | 2 4 |  4.3
Dodging        | |  2.1
Stealth        | |  1.5

Action                   |  1- 3 |  4- 6 |  7- 9 | 10-12 || total
-------------------------+-------+-------+-------+-------++-------
Melee: Unarmed           |       |     1 |     5 |       ||     6
 Cast: Foxfire           |    67 |   119 |   230 |    27 ||   443
       Scorch            |       |    18 |    11 |     5 ||    34
       Searing Ray       |       |     1 |    31 |     5 ||    37
       Flame Wave        |       |       |     6 |     9 ||    15
       Magic Dart        |       |       |    10 |       ||    10
       Conjure Flame     |       |       |     1 |     6 ||     7
       Inner Flame       |       |       |     1 |       ||     1
       Teleport Other    |       |       |       |     3 ||     3
Invok: Upheaval          |       |       |       |     1 ||     1
Armor: Robe              |     1 |     1 |    11 |     4 ||    17
Dodge: Dodged            |     1 |    14 |    35 |    30 ||    80
Block: Other             |       |       |     2 |     5 ||     7

Table legend: (Time is in decaauts)
 A = Elapsed time spent in this place.
 B = Non-inter-level travel time spent in this place.
 C = Inter-level travel time spent in this place.
 D = Time resting spent in this place.
 E = Time spent auto-exploring this place.
 F = Levels seen in this place.
 G = Mean time per level.
                   A        B        C        D        E       F      G
               +--------+--------+--------+--------+--------+-----+--------+
         Total |  12715 |  12033 |    682 |   1733 |   8884 |   8 | 1589.4 |
       Dungeon |  12715 |  12033 |    682 |   1733 |   8884 |   8 | 1589.4 |
               +--------+--------+--------+--------+--------+-----+--------+

Top non-repeatable levels by time:
     D:6: 3125 daAuts
     D:2: 1881 daAuts
     D:4: 1819 daAuts
     D:1: 1679 daAuts
     D:7: 1613 daAuts
     D:5: 1360 daAuts
     D:3: 1215 daAuts
     D:8: 19 daAuts
